 Dungeon Crawl Stone Soup version 0.18.1-48-g4cf74bf (webtiles) character file.

133 GordonOverkill the Cutter (level 5, -27/32 HPs)
             Began as a Kobold Berserker on July 16, 2016.
             Was a Believer of Trog.
             Killed from afar by a hobgoblin (30 damage)
             ... with an exploding inner flame
             ... led by Robin
             ... hexed by the player character
             ... on level 4 of the Dungeon.
             The game lasted 00:08:13 (2811 turns).

GordonOverkill the Cutter (Kobold Berserker)        Turns: 2811, Time: 00:08:14

Health: -27/32     AC:  5    Str: 16    XL:     5   Next: 40%
Magic:  5/5        EV: 15    Int:  5    God:    Trog [**....]
Gold:   180        SH:  4    Dex: 18    Spells: 0 memorised, 4 levels left

rFire  . . .     SeeInvis .     a - +1 short sword
rCold  . . .     Gourm    .     g - +1 leather armour
rNeg   . . .     Faith    .     (shield restricted)
rPois  .         Spirit   .     b - +0 helmet
rElec  .         Dismiss  .     (no cloak)
rCorr  .         Reflect  +     (no gloves)
SustAt .         Harm     .     (no boots)
MR     .....                    j - +4 amulet of reflection
Stlth  +++.......               (no ring)
                                (no ring)

@: exhausted, slowed, drained, very slow, not resistant to hostile enchantments,
fairly stealthy
A: claws 1, agile 1, carnivore 3, wild magic 1
a: Berserk, Trog's Hand, Burn Spellbooks, Renounce Religion


You were on level 4 of the Dungeon.
You worshipped Trog.
Trog was pleased with you.
You were very full.

You visited 1 branch of the dungeon, and saw 4 of its levels.

You collected 180 gold pieces.

Inventory:

Hand Weapons
 a - a +1 short sword (weapon)
Armour
 b - a +0 helmet (worn)
 g - a +1 leather armour (worn)
 n - a +0 ring mail
Jewellery
 d - an uncursed ring of fire
 j - a +4 amulet of reflection (around neck)
Scrolls
 f - 2 scrolls of identify
 i - a scroll of remove curse
Potions
 e - 2 potions of lignification
 k - 2 potions of flight
 l - 2 potions of agility
Comestibles
 c - 3 meat rations
 q - 2 chunks of flesh


   Skills:
 - Level 3.2(3.0) Fighting
 + Level 5.9(5.7) Short Blades
 - Level 1.5(1.3) Armour
 - Level 2.4(2.2) Dodging
 + Level 4.7(4.5) Stealth


You had 4 spell levels left.
You didn't know any spells.

Dungeon Overview and Level Annotations

Branches:
Dungeon (4/15)             Temple (0/1) D:4

Altars:
Okawaru
Ru
Trog
Vehumet
Yredelemnul


Innate Abilities, Weirdness & Mutations

You are small and have problems with some larger weapons.
You are carnivorous and can eat meat at any time.
You have sharp fingernails.
You are agile. (Dex +2)
Your spells are a little harder to cast, but a little more powerful.


Message History

You feel agile.
Your fingernails lengthen.
You feel less in control of your magic. The goblin barely misses you.
The goblin closely misses you. The goblin misses you.
The goblin hits you but does no damage. The hobgoblin misses you.
The goblin barely misses you.
Unknown command.
You hit the goblin but do no damage. The goblin barely misses you.
The goblin closely misses you. The goblin hits you but does no damage.
The hobgoblin hits you but does no damage.
The goblin hits you but does no damage. The goblin barely misses you.
Unknown command.
You hit the goblin.
The goblin explodes!
The fiery explosion engulfs the hobgoblin.
The hobgoblin explodes!
The fiery explosion engulfs your butterfly.
You kill your butterfly!
The fiery explosion engulfs you!
Ouch! That really hurt!
You die...

#.......# ####
#..#'#..# ....
#..+_+..# .....
######..#+#..##.....
#...........b.......
#.##.##....bb.......
#.##.##.##b†)......#
.....b.b§#gg.####
......b.§§@g.#
..⌠...⌠..#§###
.........#§#
....>......#
.........#.#
..⌠...⌠..#.#
...........#
........###


You could see 3 goblins.

Vanquished Creatures
  An orc wizard (D:3)
  Robin (D:4)
  A gnoll (D:1)
  2 adders (D:3)
  A dart slug (D:3)
  A giant gecko (D:2)
  4 bats
  A giant cockroach (D:1)
  11 goblins
  10 hobgoblins
  8 jackals
  3 quokkas
  2 ball pythons (D:2)
  A giant newt (D:2)
  7 kobolds
  A quokka skeleton (D:3)
  7 rats
  A spectral orc (D:4)
63 creatures vanquished.

Notes
Turn   | Place    | Note
--------------------------------------------------------------
     0 | D:1      | GordonOverkill the Kobold Berserker began the quest for the Orb.
     0 | D:1      | Reached XP level 1. HP: 14/14 MP: 1/1
    13 | D:1      | Reached skill level 1 in Stealth
    13 | D:1      | Reached XP level 2. HP: 19/19 MP: 2/2
   259 | D:1      | Reached XP level 3. HP: 10/23 MP: 3/3
  1023 | D:1      | Reached ** piety under Trog
  1454 | D:2      | Found an iron altar of Okawaru.
  1535 | D:2      | Reached skill level 5 in Short Blades
  1535 | D:2      | Reached XP level 4. HP: 28/28 MP: 4/4
  2351 | D:3      | Found a sacrificial altar of Ru.
  2364 | D:3      | Reached XP level 5. HP: 25/32 MP: 5/5
  2672 | D:4      | Found a bloodstained altar of Trog.
  2716 | D:4      | Found a basalt altar of Yredelemnul.
  2760 | D:4      | Found a radiant altar of Vehumet.
  2766 | D:4      | Found a staircase to the Ecumenical Temple.
  2778 | D:4      | Noticed Robin
  2801 | D:4      | Killed Robin
  2809 | D:4      | Gained mutation: You are agile. (Dex +2) [potion of mutation]
  2809 | D:4      | Gained mutation: You have sharp fingernails. [potion of mutation]
  2809 | D:4      | Gained mutation: Your spells are a little harder to cast, but a little more powerful. [potion of mutation]
  2811 | D:4      | Killed from afar by a hobgoblin

Skill      XL: |  1  2  3  4 |
---------------+-------------+-----
Stealth        | 1 2 3 4 |  4.7
Short Blades   | 5 |  5.9
Fighting       | |  3.2
Armour         | |  1.5
Dodging        | |  2.4

Action                   |  1- 3 |  4- 6 || total
-------------------------+-------+-------++-------
Melee: Short sword       |   124 |   104 ||   228
Invok: Berserk           |     2 |     2 ||     4
  Use: Scroll            |       |     9 ||     9
       Potion            |       |     2 ||     2
 Stab: Sleeping          |     4 |     5 ||     9
       Distracted        |       |     1 ||     1
  Eat: Chunk             |    13 |     4 ||    17
Armor: Animal skin       |     8 |       ||     8
       Leather armour    |    16 |    29 ||    45
Dodge: Dodged            |    92 |    88 ||   180
Block: Other             |       |    12 ||    12
